 Dungeon Crawl Stone Soup version 0.24-a0-479-g9a978d2894 (webtiles) character file.

Game seed: 3891785142031334581

8 luxor the Stinger (level 2, -1/15 HPs)
             Began as a Gargoyle Venom Mage on July 6, 2019.
             Slain by a hobgoblin (3 damage)
             ... on level 1 of the Dungeon.
             The game lasted 00:05:10 (382 turns).

luxor the Stinger (Gargoyle Venom Mage)              Turns: 382, Time: 00:05:11

Health: -1/15      AC:  4    Str: 11    XL:     2   Next: 8%
Magic:  5/5        EV: 12    Int: 15    God:
Gold:   5          SH:  0    Dex: 10    Spells: 4/5 levels left

rFire    . . .     SeeInvis .   (no weapon)
rCold    . . .     Gourm    .   (no shield)
rNeg     + . .     Faith    .   a - +0 robe
rPois    ∞         Spirit   .   (no helmet)
rElec    +         Reflect  .   (no cloak)
rCorr    .         Harm     .   (no gloves)
MR       .....                  (no boots)
Stlth    ++........             (no amulet)
HPRegen  0.05/turn              (no ring)
MPRegen  0.09/turn              (no ring)

@: no status effects
A: negative energy resistance 1, electricity resistance, unbreathing,
petrification resistance, rot immunity, AC +2
a: no special abilities


You were on level 1 of the Dungeon.
You were not hungry.

You visited 1 branch of the dungeon, and saw 1 of its levels.

You collected 5 gold pieces.

Inventory:

Armour
 a - a +0 robe (worn)
Scrolls
 d - a scroll of fear {unknown}
 e - a scroll of immolation {unknown}
 g - a scroll of enchant weapon {unknown}
 i - a scroll of amnesia {unknown}
Potions
 b - a potion of agility {unknown}
 f - a potion of heal wounds {unknown}
 h - a potion of mutation {unknown}
Comestibles
 c - 3 rations


   Skills:
 + Level 1.9 Dodging
 + Level 2.1 Stealth
 + Level 0.4 Unarmed Combat
 + Level 2.0 Spellcasting
 + Level 1.1 Conjurations
 + Level 3.1 Poison Magic


You had 4 spell levels left.
You knew the following spells:

 Your Spells              Type           Power        Failure   Level  Hunger
a - Sting                 Conj/Pois      #...         10%         1    #......

Your spell library contained the following spells:

 Spells                   Type           Power        Failure   Level  Hunger
 Poisonous Vapours        Pois/Air       #.....       17%         2    ###....
 Mephitic Cloud           Conj/Pois/Air  #.......     36%         3    ###....
 Olgreb's Toxic Radiance  Pois           ##......     52%         4    #####..
 Venom Bolt               Conj/Pois      #.........   95%         5    ######.


Dungeon Overview and Level Annotations

Branches:
Dungeon (1/15)

Altars:


Innate Abilities, Weirdness & Mutations

You are resistant to torment.
Your stone body is resilient. (AC +2)
You are immune to poison.
You resist negative energy. (rN+)
You are resistant to electric shocks. (rElec)
You can survive without breathing.
You are immune to petrification.
You are immune to rotting.


Message History

You closely miss the hobgoblin.
The hobgoblin is almost dead.
The hobgoblin hits you but does no damage.
You hit the hobgoblin but do no damage.
The hobgoblin is almost dead.
The hobgoblin barely misses you.
You hit the hobgoblin but do no damage.
The hobgoblin is almost dead.
The hobgoblin hits you.
* * * LOW HITPOINT WARNING * * *
You hit the hobgoblin but do no damage.
The hobgoblin is almost dead.
The hobgoblin hits you but does no damage.
You closely miss the hobgoblin.
The hobgoblin is almost dead.
The hobgoblin barely misses you.
You closely miss the hobgoblin.
The hobgoblin is almost dead.
The hobgoblin hits you.
You die...

+...'.........).#
#...###########.#
#...# ###### #.#
#...# #....# #.#
#...# #.##.# #.#
#####...###.##.####.#
............##.#..#.#
..############.#..#.#
..'............g@>#.#
..############.#..#.#
..# #.#..#.# ..#
#.#..#.# ..# #.#(.#.#
### #.#!.#)# #.#..#.#
#.#..#.# #.#


You could see a hobgoblin.

Vanquished Creatures
  3 bats (D:1)
  A goblin (D:1)
  A hobgoblin (D:1)
  2 rats (D:1)
7 creatures vanquished.

Notes
Turn   | Place    | Note
-------+----------+-------------------------------------------
     0 | D:1      | luxor the Gargoyle Venom Mage began the quest for the Orb.
     0 | D:1      | Reached XP level 1. HP: 10/10 MP: 3/3
   267 | D:1      | Reached XP level 2. HP: 8/15 MP: 5/5
   382 | D:1      | Slain by a hobgoblin

Levels and vault maps discovered:
D:1:      dpeg_arrival_subterranean_lakeside_camping, layout_basic

Action                   || total
-------------------------++-------
Melee: Unarmed           ||    89
Armor: Robe              ||    39
Dodge: Dodged            ||    93

Table legend:
 A = Non-vault XP
 B = Vault XP
 C = Vault XP percentage of total XP
 D = Non-vault monster count
 E = Vault monster count
 F = Vault count percentage of total count
                 A         B        C        D         E       F
            +---------+---------+-------+---------+---------+-------
      Total |       5 |       7 |  58.3 |       3 |       4 |  57.1
            +---------+---------+-------+---------+---------+-------
        D:1 |       5 |       7 |  58.3 |       3 |       4 |  57.1
            +---------+---------+-------+---------+---------+-------
